AoeStats
← Maty

Nomad

509997864Analyzed
4v4 RM · 4d ago on Sep 29, 2026· 63m 5s· 8 players
Game mode
Random Map
Map size
231×231
Population
200
Speed
Normal
Resources
Standard
Victory
Conquest
Starting age
Dark Age
Ending age
Imperial Age
RankedLock teamsTeams togetherTeam positionsShared explorationLock speedFull tech treeHidden civsTurbo modeCheats
Victory
Defeat
🇪🇨 Danes · Ecuador
1430
+14
🇺🇸 Mapuche · United States
1402
+16
🇨🇳 Mongols · China
1362
+17
🇨🇴 Mongols · Colombia
1338
+18
🇨🇴 Danes · Colombia
1421
-18
🇳🇴 Vikings · Norway
1414
-17
🇹🇷 Khmer · Türkiye
1389
-16
🇲🇽 Varangians · Mexico
1338
-14
Huichotzin
3:20 Loom
13:50 Feudal Age
15:14 Fishing Lines
19:27 Castle Age
17:56 Double-Bit Axe
20:54 Bow Saw
21:59 Gillnets
22:37 Horse Collar
23:54 Wheelbarrow
23:05 Town Watch
23:31 Heavy Plow
25:31 Hand Cart
27:29 Husbandry
27:39 Bloodlines
28:26 Scale Barding Armor
28:31 Forging
29:41 Town Patrol
32:36 Imperial Age
30:43 Chain Barding Armor
32:56 Iron Casting
35:02 Plate Barding Armor
35:28 Blast Furnace
34:28 Scale Mail Armor
35:51 Conscription
35:58 Cavalier
37:38 Caravan
38:13 Vendel Legacy
42:26 Padded Archer Armor
42:16 Fletching
43:50 Leather Archer Armor
43:07 Elite Jarl
43:23 Light Cavalry
44:20 Elite Skirmisher
44:45 Cranequins
44:50 Hussar
47:30 Bodkin Arrow
47:58 Ballistics
47:57 Gold Mining
47:50 Crossbowman
48:36 Bracer
50:09 Gothikon
53:18 Ring Archer Armor
53:02 Heavy Mounted Crossbowman
55:08 Chemistry
56:46 Crop Rotation
56:09 Stone Mining
57:21 Two-Man Saw
60:50 Cranequins
62:13 Scale Mail Armor
62:11 Murder Holes
62:26 Masonry
[0sV]Wents
4:53 Loom
12:43 Feudal Age
13:22 Town Watch
16:56 Castle Age
16:01 Double-Bit Axe
18:09 Horse Collar
23:00 Wheelbarrow
22:36 Bow Saw
24:28 Gold Mining
24:59 Town Watch
Dadagama
6:04 Loom
12:58 Feudal Age
18:07 Castle Age
23:57 Fletching
24:34 Horse Collar
37:50 Gold Mining
44:48 Heavy Plow
46:48 Double-Bit Axe
50:01 Gambesons
50:16 Squires
50:02 Arson
57:48 Scale Mail Armor
57:58 Forging
Snavle
4:47 Loom
14:27 Feudal Age
18:27 Castle Age
16:22 Double-Bit Axe
17:45 Fishing Lines
19:45 Bow Saw
19:38 Gillnets
21:11 Fletching
21:21 Padded Archer Armor
21:30 Horse Collar
23:06 Town Watch
23:56 Crossbowman
24:41 Gold Mining
25:23 Heavy Plow
26:12 Ballistics
26:12 Bodkin Arrow
27:10 Leather Archer Armor
30:14 Stone Mining
33:25 Imperial Age
31:03 Scale Mail Armor
31:13 Forging
31:06 Squires
30:51 Arson
32:20 Chain Mail Armor
32:11 Elite Skirmisher
33:14 Town Patrol
34:17 Iron Casting
33:39 Murder Holes
33:56 Chieftains
35:11 Gold Shaft Mining
34:43 Bracer
36:12 Chemistry
36:03 Ring Archer Armor
36:46 Two-Man Saw
37:44 Conscription
37:27 Elite Varangian Guard
38:45 Plate Mail Armor
39:15 Blast Furnace
38:50 Crop Rotation
42:54 Masonry
42:51 Siege Engineers
42:27 Treadmill Crane
43:23 Hoardings
55:43 Elite Berserk
57:08 Caravan
58:23 Architecture
58:06 Clinker Construction
LiquidSteel71
4:35 Loom
13:49 Feudal Age
17:35 Castle Age
15:40 Double-Bit Axe
16:34 Fletching
18:43 Bow Saw
18:42 Bodkin Arrow
19:45 Fishing Lines
20:54 Gold Mining
20:57 Horse Collar
25:02 Gillnets
25:26 Padded Archer Armor
27:18 Leather Archer Armor
28:58 Town Watch
29:49 Wheelbarrow
29:59 Heavy Plow
30:35 Gold Shaft Mining
29:51 Stone Mining
34:40 Imperial Age
34:03 Hand Cart
34:48 Stone Shaft Mining
35:00 Ballistics
34:48 Elite Bolas Rider
36:06 Crop Rotation
36:12 Ring Archer Armor
39:21 Town Patrol
42:22 Malon
42:30 Butalmapu
42:46 Conscription
42:54 Scale Mail Armor
43:04 Forging
43:48 Capped Ram
44:45 Onager
44:48 Heavy Scorpion
45:57 Caravan
46:28 Coinage
47:20 Demolition Ship
48:10 Medium Warships
48:06 Devotion
48:43 Heresy
49:54 Heavy Warships
50:14 Hoardings
61:07 Banking
Nomore
5:19 Loom
14:17 Feudal Age
19:39 Castle Age
19:06 Fishing Lines
19:15 Double-Bit Axe
21:16 Medium Warships
20:56 Gillnets
22:17 Fletching
22:50 Horse Collar
23:21 Town Watch
24:14 Bodkin Arrow
25:01 Padded Archer Armor
26:05 Wheelbarrow
26:02 Heavy Plow
28:30 Husbandry
28:40 Bloodlines
30:37 Leather Archer Armor
31:22 Bow Saw
32:19 Gold Mining
32:22 Stone Mining
39:58 Imperial Age
38:51 Masonry
41:02 Conscription
40:43 Nomads
44:20 Gold Shaft Mining
44:24 Ballistics
46:19 Light Cavalry
48:29 Drill
47:58 Hussar
51:18 Scale Barding Armor
The Monad
2:59 Loom
12:35 Feudal Age
17:24 Castle Age
19:26 Fletching
20:17 Double-Bit Axe
21:26 Ballistics
21:08 Bodkin Arrow
25:40 Wheelbarrow
28:00 Padded Archer Armor
30:52 Horse Collar
31:24 Bow Saw
32:44 Leather Archer Armor
39:11 Imperial Age
37:45 Hand Cart
37:57 Bloodlines
38:02 Town Watch
39:46 Elite Mangudai
41:42 Chemistry
41:23 Bracer
41:42 Husbandry
42:44 Conscription
42:31 Gold Mining
42:32 Stone Mining
43:37 Capped Ram
44:42 Drill
45:01 Thumb Ring
45:25 Parthian Tactics
46:23 Gold Shaft Mining
46:24 Stone Shaft Mining
45:50 Heavy Plow
45:53 Murder Holes
46:31 Light Cavalry
47:35 Masonry
48:40 Hoardings
47:42 Siege Ram
48:22 Herbal Medicine
49:40 Elite Steppe Lancer
50:26 Scale Barding Armor
52:22 Chain Barding Armor
52:13 Forging
52:44 Hussar
54:43 Iron Casting
60:07 Siege Engineers
Maty
4:22 Loom
12:40 Feudal Age
13:09 Fishing Lines
14:37 Double-Bit Axe
16:02 Horse Collar
18:22 Gold Mining
21:57 Castle Age
20:16 Scale Barding Armor
20:22 Forging
20:58 Bloodlines
22:05 Light Cavalry
23:08 Chain Barding Armor
23:13 Bow Saw
23:48 Wheelbarrow
25:47 Iron Casting
27:51 Husbandry
35:33 Scale Mail Armor
37:07 Chain Mail Armor
36:54 Squires
36:40 Gambesons
40:56 Imperial Age
39:53 Heavy Plow
40:07 Hamask
41:10 Fletching
41:03 Capped Ram
41:07 Elite Jomsviking
42:10 Murder Holes
43:50 Blast Furnace
46:04 Plate Mail Armor
46:07 Hand Cart
45:43 Elite Varangian Guard
48:17 Stone Mining
49:03 Gold Shaft Mining
50:27 Siege Ram
52:04 Town Watch
52:56 Pikeman
57:28 Halberdier
57:54 Arson
62:41 Town Patrol
Connection lost

Rejoining the realm…

Still unreachable

The connection could not be restored.

Session expired

The server has moved on; the page needs a fresh start.